SAAA
BALTIMORE BLACK SOX @ TORTOLITA DRUMMERS
05/28/2032
 
TOP OF THE 1ST
Baltimore Black Sox batting - Pitching for Tortolita Drummers : RHP Andy Fallon
Pitching: RHP Andy Fallon
Batting: RHB Fernando Martínez 0-0: Called Strike
0-1: Ball
1-1: Ball
2-1: Ball
3-1: Foul Ball, location: 2F
3-2: Base on Balls
Batting: RHB Carlos González 0-0: Called Strike
0-1: Foul Ball, location: 2F
0-2: Ball
1-2: Ball
2-2: Grounds into double play, 6-4-3 (Groundball, 6)
Batting: LHB Naohiro Sakai 0-0: Ball
1-0: Called Strike
1-1: Foul Ball, location: 2F
1-2: Ground out U3 (Groundball, 34)
Top of the 1st over - 0 runs, 0 hits, 0 errors, 0 left on base; Baltimore 0 - Tortolita 0
BOTTOM OF THE 1ST
Tortolita Drummers batting - Pitching for Baltimore Black Sox : RHP Kelemeneke Balun
Pitching: RHP Kelemeneke Balun
Batting: RHB Ricardo Pacheco 0-0: Ball
1-0: Swinging Strike
1-1: Ball
2-1: Fly out, F8 (Flyball, 8LD)
Batting: RHB Lloyd Alberink 0-0: Called Strike
0-1: Foul Ball, location: 2F
0-2: Fly out, F8 (Line Drive, 8LD)
Batting: LHB Nobuo Yamashita 0-0: Called Strike
0-1: Swinging Strike
0-2: Foul Ball, location: 2F
0-2: Fly out, F5 (Popup, 5F)
Bottom of the 1st over - 0 runs, 0 hits, 0 errors, 0 left on base; Baltimore 0 - Tortolita 0
TOP OF THE 2ND
Baltimore Black Sox batting - Pitching for Tortolita Drummers : RHP Andy Fallon
Batting: RHB Howard Lee 0-0: Fly out, F3 (Popup, 3)
Batting: RHB Maik Palen 0-0: Ball
1-0: Fly out, F8 (Flyball, 8RD)
Batting: RHB Berihun Tukufu 0-0: Called Strike
0-1: Ball
1-1: Ground out 1-3 (Groundball, 13S)
Top of the 2nd over - 0 runs, 0 hits, 0 errors, 0 left on base; Baltimore 0 - Tortolita 0
BOTTOM OF THE 2ND
Tortolita Drummers batting - Pitching for Baltimore Black Sox : RHP Kelemeneke Balun
Batting: RHB Rich Flannery 0-0: Fly out, F7 (Flyball, 78M)
Batting: LHB Glen Allen Mixon 0-0: Ball
1-0: Called Strike
1-1: Called Strike
1-2: Foul Ball, location: 2F
1-2: Fly out, F4 (Line Drive, 4)
Batting: RHB Vincent Klein 0-0: Ball
1-0: DOUBLE (Flyball, 78XD)
Batting: SHB Anthony Hopkins 0-0: Ball
1-0: Fly out, F9 (Flyball, 9S)
Bottom of the 2nd over - 0 runs, 1 hit, 0 errors, 1 left on base; Baltimore 0 - Tortolita 0
TOP OF THE 3RD
Baltimore Black Sox batting - Pitching for Tortolita Drummers : RHP Andy Fallon
Batting: LHB Ramón Flores 0-0: Foul Ball, location: 2F
0-1: Ball
1-1: Ball
2-1: Ground out 5-3 (Groundball, 5S)
Batting: LHB Ángel Aguilar 0-0: Ground out 4-3 (Groundball, 4)
Batting: RHB Landon Edwards 0-0: Ball
1-0: Ball
2-0: Foul Ball, location: 2F
2-1: Swinging Strike
2-2: Ball
3-2: Foul Ball, location: 2F
3-2: Strikes out swinging
Top of the 3rd over - 0 runs, 0 hits, 0 errors, 0 left on base; Baltimore 0 - Tortolita 0
BOTTOM OF THE 3RD
Tortolita Drummers batting - Pitching for Baltimore Black Sox : RHP Kelemeneke Balun
Batting: LHB Francisco Ornelas 0-0: Fly out, F7 (Flyball, 7S)
Batting: RHB Santo Alba 0-0: Ball
1-0: Called Strike
1-1: Ball
2-1: Ground out 6-3 (Groundball, 6)
Batting: RHB Ricardo Pacheco 0-0: Swinging Strike
0-1: Called Strike
0-2: Ball
1-2: Strikes out swinging
Bottom of the 3rd over - 0 runs, 0 hits, 0 errors, 0 left on base; Baltimore 0 - Tortolita 0
TOP OF THE 4TH
Baltimore Black Sox batting - Pitching for Tortolita Drummers : RHP Andy Fallon
Batting: RHB Fernando Martínez 0-0: Swinging Strike
0-1: Ball
1-1: Swinging Strike
1-2: Strikes out swinging
Batting: RHB Carlos González 0-0: Foul Ball, location: 2F
0-1: Swinging Strike
0-2: Ball
1-2: Ball
2-2: Foul Ball, location: 2F
2-2: Strikes out swinging
Batting: LHB Naohiro Sakai 0-0: Foul Ball, location: 2F
0-1: Ball
1-1: Ball
2-1: Ball
3-1: Base on Balls
Batting: RHB Howard Lee 0-0: Ball
1-0: Called Strike
1-1: Fly out, F8 (Flyball, 8LD)
Top of the 4th over - 0 runs, 0 hits, 0 errors, 1 left on base; Baltimore 0 - Tortolita 0
BOTTOM OF THE 4TH
Tortolita Drummers batting - Pitching for Baltimore Black Sox : RHP Kelemeneke Balun
Batting: RHB Lloyd Alberink 0-0: Called Strike
0-1: Ball
1-1: Swinging Strike
1-2: Ball
2-2: Ball
3-2: Strikes out looking
Batting: LHB Nobuo Yamashita 0-0: Ball
1-0: Called Strike
1-1: Ball
2-1: Swinging Strike
2-2: Strikes out swinging
Batting: RHB Rich Flannery 0-0: SINGLE (Groundball, 23) (infield hit)
Batting: LHB Glen Allen Mixon 0-0: Swinging Strike
0-1: Swinging Strike
0-2: Ball
1-2: Ball
2-2: Fly out, F7 (Flyball, 7)
Bottom of the 4th over - 0 runs, 1 hit, 0 errors, 1 left on base; Baltimore 0 - Tortolita 0
TOP OF THE 5TH
Baltimore Black Sox batting - Pitching for Tortolita Drummers : RHP Andy Fallon
Batting: RHB Maik Palen 0-0: Ball
1-0: Ground out 5-3 (Groundball, 56S)
Batting: RHB Berihun Tukufu 0-0: Ball
1-0: Ball
2-0: SINGLE (Flyball, 78S)
Batting: LHB Ramón Flores 0-0: Ground out 3-1 (Groundball, 34S)
Berihun Tukufu to second
Batting: LHB Ángel Aguilar 0-0: Ball
1-0: Called Strike
1-1: Swinging Strike
1-2: Strikes out looking
Top of the 5th over - 0 runs, 1 hit, 0 errors, 1 left on base; Baltimore 0 - Tortolita 0
BOTTOM OF THE 5TH
Tortolita Drummers batting - Pitching for Baltimore Black Sox : RHP Kelemeneke Balun
Batting: RHB Vincent Klein 0-0: SINGLE (Line Drive, 8LS)
Batting: SHB Anthony Hopkins 0-0: Fielders Choice at 2nd, 5-4 (Groundball, 5)
Batting: LHB Francisco Ornelas 0-0: Ball
Anthony Hopkins steals 2nd base
1-0: Ball
2-0: Ball
3-0: Called Strike
3-1: Base on Balls
Batting: RHB Santo Alba 0-0: Fielders Choice at 2nd, 4-6 (Groundball, 4)
Anthony Hopkins to third
Batting: RHB Ricardo Pacheco Pickoff Throw to First - Out!
Bottom of the 5th over - 0 runs, 1 hit, 0 errors, 1 left on base; Baltimore 0 - Tortolita 0
TOP OF THE 6TH
Baltimore Black Sox batting - Pitching for Tortolita Drummers : RHP Andy Fallon
Batting: RHB Landon Edwards 0-0: Foul Ball, location: 2F
0-1: Ball
1-1: Foul Ball, location: 2F
1-2: Strikes out swinging
Batting: RHB Fernando Martínez 0-0: Ball
1-0: Called Strike
1-1: Called Strike
1-2: Foul Ball, location: 2F
1-2: Strikes out swinging
Batting: RHB Carlos González 0-0: Ball
1-0: Ground out 4-3 (Groundball, 4M)
Top of the 6th over - 0 runs, 0 hits, 0 errors, 0 left on base; Baltimore 0 - Tortolita 0
BOTTOM OF THE 6TH
Tortolita Drummers batting - Pitching for Baltimore Black Sox : RHP Kelemeneke Balun
Batting: RHB Ricardo Pacheco 0-0: Called Strike
0-1: Fly out, F3 (Popup, 3S)
Batting: RHB Lloyd Alberink 0-0: Foul Ball, location: 2F
0-1: DOUBLE (Line Drive, 9LS)
Batting: LHB Nobuo Yamashita 0-0: Called Strike
0-1: Swinging Strike
0-2: Ball
1-2: Ball
2-2: Ball
Wild Pitch!
Lloyd Alberink to third
3-2: Foul Ball, location: 2F
3-2: SINGLE (Flyball, 89S)
Lloyd Alberink scores
Batting: RHB Rich Flannery 0-0: Fly out, F6 (Popup, 6M)
Batting: LHB Glen Allen Mixon 0-0: Called Strike
Throwing error on steal attempt, E2
Nobuo Yamashita to third
0-1: Ball
1-1: Ball
2-1: Swinging Strike
2-2: Strikes out swinging
Bottom of the 6th over - 1 run, 2 hits, 1 error, 1 left on base; Baltimore 0 - Tortolita 1
TOP OF THE 7TH
Baltimore Black Sox batting - Pitching for Tortolita Drummers : RHP Andy Fallon
Batting: LHB Naohiro Sakai 0-0: Swinging Strike
0-1: Ball
1-1: Foul Ball, location: 2F
1-2: Ball
2-2: Ball
3-2: Foul Ball, location: 2F
3-2: Fly out, F9 (Flyball, 89D)
Batting: RHB Howard Lee 0-0: Foul Ball, location: 2F
0-1: Foul Ball, location: 2F
0-2: Ball
1-2: Ball
2-2: Strikes out looking
Batting: RHB Maik Palen 0-0: SINGLE (Flyball, 89M) - OUT at second base trying to stretch hit.
Top of the 7th over - 0 runs, 1 hit, 0 errors, 0 left on base; Baltimore 0 - Tortolita 1
BOTTOM OF THE 7TH
Tortolita Drummers batting - Pitching for Baltimore Black Sox : RHP Kelemeneke Balun
Batting: RHB Vincent Klein 0-0: Ball
1-0: Ball
2-0: Called Strike
2-1: Ball
3-1: Fly out, F9 (Flyball, 89S)
Batting: SHB Anthony Hopkins 0-0: Called Strike
0-1: SINGLE (Flyball, 89M)
Batting: LHB Francisco Ornelas 0-0: Ball
1-0: Called Strike
1-1: Foul Ball, location: 2F
1-2: Ball
2-2: Fly out, F8 (Flyball, 8RM)
Batting: RHB Santo Alba 0-0: Ball
1-0: Called Strike
1-1: Swinging Strike
1-2: Ball
2-2: Strikes out swinging
Bottom of the 7th over - 0 runs, 1 hit, 0 errors, 1 left on base; Baltimore 0 - Tortolita 1
TOP OF THE 8TH
Baltimore Black Sox batting - Pitching for Tortolita Drummers : RHP Andy Fallon
Now at C: Jim Burch
Now in LF: Casey Cavell
Batting: RHB Berihun Tukufu 0-0: Ball
1-0: Called Strike
1-1: Foul Ball, location: 2F
1-2: Ball
2-2: Foul Ball, location: 2F
2-2: Ball
3-2: Fly out, F7 (Line Drive, 7D)
Batting: LHB Ramón Flores 0-0: Ground out U3 (Groundball, 3)
Batting: LHB Ángel Aguilar 0-0: SINGLE (Groundball, 6M) (infield hit)
Batting: RHB Landon Edwards 0-0: Ball
1-0: Ball
2-0: Fielders Choice at 2nd, U4 (Groundball, 4M)
Top of the 8th over - 0 runs, 1 hit, 0 errors, 1 left on base; Baltimore 0 - Tortolita 1
BOTTOM OF THE 8TH
Tortolita Drummers batting - Pitching for Baltimore Black Sox : RHP Kelemeneke Balun
Batting: RHB Ricardo Pacheco 0-0: Ball
1-0: Ball
2-0: SINGLE (Line Drive, 9LS)
Batting: RHB Lloyd Alberink 0-0: Sac Bunt - play at second, runner OUT! 3-6
Batting: LHB Nobuo Yamashita 0-0: Ball
1-0: Ball
2-0: SINGLE (Groundball, 34)
Lloyd Alberink to second
Runner from 2nd tries for 3rd, SAFE, no throw
Batting: RHB Rich Flannery 0-0: Ball
1-0: Ball
2-0: Swinging Strike
2-1: Swinging Strike
2-2: Strikes out swinging
Batting: LHB Glen Allen Mixon 0-0: Ball
1-0: Ball
2-0: 3-RUN HOME RUN (Flyball, 8RD), Distance : 426 ft
Batting: RHB Jim Burch 0-0: Swinging Strike
0-1: Ball
1-1: Ball
2-1: Foul Ball, location: 2F
2-2: Ball
3-2: Strikes out swinging
Bottom of the 8th over - 3 runs, 3 hits, 0 errors, 0 left on base; Baltimore 0 - Tortolita 4
TOP OF THE 9TH
Baltimore Black Sox batting - Pitching for Tortolita Drummers : RHP Andy Fallon
Batting: RHB Fernando Martínez 0-0: Called Strike
0-1: Ball
1-1: Ground out 6-3 (Groundball, 6)
Pitching: LHP Ricardo Ruíz
Batting: RHB Carlos González 0-0: SINGLE (Line Drive, 56)
Batting: LHB Naohiro Sakai 0-0: Fly out, F9 (Flyball, 9)
Batting: RHB Howard Lee 0-0: Foul Ball, location: 2F
0-1: Ball
1-1: Fly out, F9 (Flyball, 9)
Top of the 9th over - 0 runs, 1 hit, 0 errors, 1 left on base; Baltimore 0 - Tortolita 4
Wednesday, September 19th, 2018 - OOTP Baseball 18.8 Build 76